 Dungeon Crawl Stone Soup version 0.28-a0-128-gcbb86046cc (webtiles) character file.

Game seed: 3856039786319857289

260 siradein the Chopper (level 5, 0/38 HPs)
             Began as a Vampire Gladiator on Aug 16, 2021.
             Slain by a centaur zombie (3 damage)
             ... in an ossuary.
             The game lasted 00:11:15 (3319 turns).

siradein the Chopper (Vampire Gladiator)            Turns: 3319, Time: 00:11:16

Health: 0/38       AC:  7    Str: 14    XL:     5   Next: 95%
Magic:  5/5        EV: 10    Int: 11    God:
Gold:   210        SH:  0    Dex: 15    Spells: 4/4 levels left

rFire   . . .      SeeInvis +   a - +0 war axe
rCold   . . .      Faith    .   (no shield)
rNeg    . . .      Spirit   .   r - +0 scale mail
rPois   .          Reflect  .   l - +0 helmet
rElec   .          Harm     .   (no cloak)
rCorr   .          Rampage  .   (no gloves)
Will    .....                   (no boots)
Stlth   ..........              (no amulet)
HPRegen 0.32/turn               (no ring)
MPRegen 0.09/turn               (no ring)

@: attractive, healing quickly
A: alive, fangs 3, see invisible, vampiric 2
a: Exsanguinate


You were in an ossuary.
You visited 1 branch of the dungeon, and saw 5 of its levels.
You also visited: Ossuary.

You collected 210 gold pieces.

Inventory:

Hand Weapons
 a - a +0 war axe (weapon)
Missiles
 d - 3 throwing nets (quivered)
Armour
 l - a +0 helmet (worn)
 r - a +0 scale mail (worn)
Scrolls
 b - a scroll of noise {unknown}
 f - a scroll of identify
 g - 2 scrolls of immolation
 h - a scroll of amnesia {unknown}
 k - a scroll of teleportation {unknown}
 o - a scroll of acquirement {unknown}
Potions
 c - a potion of brilliance {unknown}
 e - a potion of magic
 i - 2 potions of curing
 j - a potion of cancellation {unknown}
 m - a potion of might {unknown}
 n - a potion of haste {unknown}
 p - a potion of attraction


   Skills:
 - Level 1.7 Fighting
 + Level 5.0 Axes
 - Level 1.5 Throwing
 + Level 2.9 Armour
 - Level 3.2 Dodging


You had 4 spell levels left.
You didn't know any spells.
Your spell library contained the following spells:

 Spells                   Type           Power      Damage    Failure   Level
 Summon Small Mammal      Summ           0%         N/A       82%         1
 Call Canine Familiar     Summ           0%         N/A       99%         3
 Summon Guardian Golem    Hex/Summ       0%         N/A       99%         3


Dungeon Overview and Level Annotations

Branches:
Dungeon (5/15)            Ossuary (1/1)
 Temple: D:4-7

Altars:

Annotations:
D:3 3 runed translucent doors, PewDiePie's ghost, amateur MiFi


Innate Abilities, Weirdness & Mutations

Your natural rate of healing is accelerated.
You have razor-sharp teeth.
You have supernaturally acute eyesight. (SInv)
You are afflicted with vampirism and can become a bat while bloodless.


Message History

The centaur zombie hits you.
The centaur zombie kicks you but does no damage.
The mummy barely misses you. The mummy misses you. The mummy hits you.
You hit the mummy.
The mummy is almost destroyed.
You hit the mummy but do no damage. You hit the mummy.
You hit the centaur zombie. The centaur zombie barely misses you.
The centaur zombie closely misses you. The mummy closely misses you.
The centaur zombie closely misses you.
The centaur zombie kicks you but does no damage.
The mummy barely misses you. The mummy hits you.
You slash the mummy!
You destroy the mummy!
You slash the centaur zombie! You barely miss the mummy. You hit the mummy.
The centaur zombie hits you. The centaur zombie closely misses you.
Your Axes skill increases to level 5!
You hit the mummy. Your bite misses the mummy.
The mummy is severely damaged.
You hit the centaur zombie but do no damage.
You hit the mummy.
The centaur zombie hits you but does no damage.
The centaur zombie kicks you but does no damage.
The mummy hits you! The mummy hits you.
* * * LOW HITPOINT WARNING * * *
The centaur zombie hits you.
* * * LOW HITPOINT WARNING * * *
The centaur zombie closely misses you.
You hit the mummy.
You destroy the mummy!
You hit the centaur zombie. You hit the mummy. The centaur zombie hits you.
* * * LOW HITPOINT WARNING * * *
The centaur zombie kicks you but does no damage.
The mummy barely misses you.
Unknown command.
It was a potion of attraction.
You feel attractive to monsters. The centaur zombie barely misses you.
The centaur zombie kicks you.
* * * LOW HITPOINT WARNING * * *
The centaur zombie hits you.
You die...

#
###########.#
##...........^
#..@Z.....^^.^
#..M..∩.∩.....
#............^
##........^^..
###########.#
#


You could see a mummy and a centaur zombie.

Vanquished Creatures
  A hound (D:4)
  An iguana (D:5)
  An orc wizard (D:5)
  2 mummies (Ossuary)
  Robin (D:2)
  5 adders
  A dart slug (D:2)
  9 orcs
  6 bats
  10 endoplasms
  5 giant cockroaches
  11 goblins
  5 hobgoblins
  4 quokkas
  4 ball pythons
  4 frilled lizards
  9 kobolds
  7 rats
86 creatures vanquished.

Vanquished Creatures (others)
  5 plants (D:3)
5 creatures vanquished.

Grand Total: 91 creatures vanquished

Notes
Turn   | Place    | Note
-------+----------+-------------------------------------------
     0 | D:1      | siradein the Vampire Gladiator began the quest for the Orb.
     0 | D:1      | Reached XP level 1. HP: 16/16 MP: 1/1
    76 | D:1      | Reached skill level 3 in Axes
   212 | D:1      | Reached XP level 2. HP: 16/22 MP: 2/2
   881 | D:2      | Gained mutation: You are afflicted with vampirism and can
                  | become a bat while bloodless. [Vampire growth]
   881 | D:2      | Reached XP level 3. HP: 27/27 MP: 3/3
   970 | D:2      | Found a faded altar of an unknown god.
  1034 | D:2      | Reached skill level 4 in Axes
  1034 | D:2      | Reached skill level 1 in Armour
  1440 | D:3      | Reached XP level 4. HP: 33/33 MP: 4/4
  1657 | D:3      | Noticed Robin
  1749 | D:2      | Killed Robin
  2027 | D:3      | Found a runed translucent gate.
  2027 | D:3      | Found a runed translucent gate.
  2031 | D:3      | Found a runed translucent gate.
  2032 | D:3      | Noticed PewDiePie's ghost (amateur MiFi)
  2533 | D:4      | Reached XP level 5. HP: 38/38 MP: 5/5
  3133 | D:5      | Entered Level 5 of the Dungeon
  3298 | D:5      | Found a sand-covered staircase.
  3307 | Ossuary  | Entered an ossuary
  3316 | Ossuary  | Reached skill level 5 in Axes
  3319 | Ossuary  | Slain by a centaur zombie

Illustrated notes

Levels and vault maps discovered:
D:1:      moated_graveyard_arrival, layout_loops_ring, serial_rivers,
          chequers_serial_rivers_large_a, chequers_serial_rivers_room_a,
          chequers_serial_rivers_small_a, chequers_serial_rivers_small_3,
          chequers_serial_rivers_micro_e
D:2:      layout_basic, dreamdust_ecumenical_altar_statues, minmay_distorted
D:3:      layout_rooms, serial_forest, infiniplex_forest_clump_small,
          infiniplex_forest_zigzag_1, infiniplex_forest_straight_3,
          infiniplex_forest_clump_double, infiniplex_forest_clump_tiny,
          ebering_ghost_rock_garden, chequers_serial_rivers_room_a,
          grunt_decor_resistance, chequers_serial_rivers_room_b, uniq_robin
D:4:      layout_loops_corners
D:5:      layout_rooms, lightli_ossuary_entry_decrepit_ruins,
          grunt_ministairs_4, kennysheep_cluttered_room
Ossuary:  ossuary_the_hunt_dpeg

Skill      XL: |  1  2  3  4  5 |
---------------+----------------+-----
Axes           | 3 4 5 |  5.0
Armour         | 1 2 |  2.9
Fighting       | |  1.7
Throwing       | |  1.5
Dodging        | |  3.2

Action                   |  1- 3 |  4- 6 || total
-------------------------+-------+-------++-------
Melee: War axe           |    94 |   104 ||   198
       Bite              |     7 |     6 ||    13
  Use: Scroll            |     2 |     1 ||     3
       Potion            |       |     1 ||     1
 Stab: Sleeping          |     3 |       ||     3
Armor: Leather armour    |    10 |       ||    10
       Ring mail         |    38 |    39 ||    77
       Scale mail        |       |    25 ||    25
Dodge: Dodged            |    69 |   106 ||   175

Table legend: (Time is in decaauts)
 A = Elapsed time spent in this place.
 B = Non-inter-level travel time spent in this place.
 C = Inter-level travel time spent in this place.
 D = Time resting spent in this place.
 E = Time spent auto-exploring this place.
 F = Levels seen in this place.
 G = Mean time per level.
                   A        B        C        D        E       F      G
               +--------+--------+--------+--------+--------+-----+--------+
         Total |   3405 |   3251 |    154 |    151 |   2495 |   6 |  567.5 |
       Dungeon |   3391 |   3237 |    154 |    151 |   2495 |   5 |  678.2 |
       Ossuary |     13 |     13 |      0 |      0 |      0 |   1 |   13.0 |
               +--------+--------+--------+--------+--------+-----+--------+

Top non-repeatable levels by time:
     D:4: 993 daAuts
     D:2: 807 daAuts
     D:1: 765 daAuts
     D:3: 753 daAuts
     D:5: 72 daAuts
 Ossuary: 13 daAuts
